cohdb
Replays
Latest Replays
All Replays
Popular Replays
Top Player Replays
Match Explorer
How It Works
Community
CoH3 Stats
Reddit
Sign in to upload your games and track your stats! →
Sign in with Steam
Match 45109982
Unlisted
Match 45109982
Overview
Messages
Build Orders
End
Royal Engineer Section
Selects Canadian Shock Battlegroup
Royal Engineer Section
Construct Section Command Post
Construct Field Infirmary
Selects Offensive Resupply
Selects Canadian Shock Section
Canadian Shock Section
Canadian Shock Section
Selects Incendiary Munitions
Construct Platoon Command Post
Construct Company Command Post
Selects Pyrotechnics
Canadian Shock Section
Matilda II Heavy Tank
Canadian Shock Section
Infantry Training
Selects Churchill Crocodile Heavy Tank
Canadian Shock Section
Churchill Crocodile Heavy Tank
Unlock M3 Grant Medium Tanks
Armored Vehicle Training
Selects Smoke Operation
The Hof
MadMax
0
0
Comments
sign in to comment!
No comments posted yet!